 Dungeon Crawl Stone Soup version 0.28-a0-1033-g1a2f33fa85 (webtiles) character file.

Game seed: 12582126814479110678

1545 Blackjack the Ruffian (level 8, 0/124 HPs)
             Began as a Troll Berserker on Dec 7, 2021.
             Was a Priest of Trog.
             Slain by a yak (10 damage)
             ... on level 5 of the Dungeon.
             The game lasted 00:11:09 (2922 turns).

Blackjack the Ruffian (Troll Berserker)             Turns: 2922, Time: 00:11:09

Health: 0/124      AC:  4    Str: 28    XL:     8   Next: 56%
Magic:  7/7        EV: 12    Int:  3    God:    Trog [***...]
Gold:   242        SH:  5    Dex: 15    Spells: 7/7 levels left

rFire   . . .      SeeInvis +     - Unarmed
rCold   . . .      Faith    .   (no shield)
rNeg    . . .      Spirit   .   f - +0 robe
rPois   .          Reflect  +   (helmet restricted)
rElec   .          Harm     .   (no cloak)
rCorr   .          Rampage  .   (gloves unavailable)
Will    .....                   (boots unavailable)
Stlth   ..........              p - amulet of reflection
HPRegen 1.10/turn               r - +6 ring of dexterity
MPRegen 0.10/turn               k - ring of see invisible

@: berserking (expiring), very quick
A: large, unfitting armour, claws 3, regeneration 1, shaggy fur 1, tough skin 1
a: Renounce Religion, Berserk, Trog's Hand


You were on level 5 of the Dungeon.
You worshipped Trog.
Trog was most pleased with you.
You visited 1 branch of the dungeon, and saw 5 of its levels.

You collected 242 gold pieces.

Inventory:

Missiles
 n - 13 poisoned darts (quivered)
Armour
 f - a +0 robe (worn)
Jewellery
 a - a ring of willpower
 k - a ring of see invisible (right claw)
 p - an amulet of reflection (around neck)
 r - a +6 ring of dexterity (left claw)
Scrolls
 b - a scroll of brand weapon {unknown}
 e - a scroll of amnesia {unknown}
 g - 2 scrolls of immolation {unknown}
 h - a scroll of enchant weapon {unknown}
 i - 2 scrolls of identify {unknown}
 j - 2 scrolls of fog {unknown}
 l - a scroll of enchant armour {unknown}
Potions
 c - 2 potions of curing {unknown}
 d - 3 potions of cancellation {unknown}
 m - 2 potions of ambrosia {unknown}
 o - a potion of brilliance {unknown}
 q - a potion of lignification {unknown}


   Skills:
 + Level 5.7 Fighting
 + Level 5.7 Dodging
 + Level 6.9 Unarmed Combat


You had 7 spell levels left.
You didn't know any spells.
Your spell library was empty.

Dungeon Overview and Level Annotations

Branches:
Dungeon (5/15)             Temple (0/1) D:4

Altars:
Hepliaklqana
Okawaru


Innate Abilities, Weirdness & Mutations

You are too large for most types of armour.
You have claws for hands.
Your natural rate of healing is unusually fast.
You are covered in fur. (AC +1)
You have tough skin. (AC +1)


Message History

The gnoll hits you from afar with a +0 halberd.
* * * LOW HITPOINT WARNING * * *
The gnoll hits you from afar with a +0 halberd.
* * * LOW HITPOINT WARNING * * *
A red film seems to cover your vision as you go berserk!
You feel yourself moving faster!
You feel mighty! You block the gnoll's attack. The yak gores you!
* * * LOW HITPOINT WARNING * * *
You mangle the yak!! You claw the yak, but do no damage.
The yak is severely wounded.
The gnoll closely misses you.
You scratch the yak.
The yak is severely wounded.
The yak completely misses you. The gnoll closely misses you.
You mangle the yak!!
You kill the yak!
Trog accepts your kill. You block the gnoll's attack.
The yak completely misses you. The gnoll misses you. The yak misses you.
There is an open door, spattered with blood here.
Items here: )) ††.
You mangle the gnoll!!
You kill the gnoll!
Trog accepts your kill. The yak gores you.
* * * LOW HITPOINT WARNING * * *
You claw the yak! x2
The yak is severely wounded.
The yak completely misses you.
You claw the yak! You claw the yak.
You kill the yak!
Trog accepts your kill. You block the yak's attack. The yak gores you!
* * * LOW HITPOINT WARNING * * *
You claw the yak!
The yak is moderately wounded.
You claw the yak!
The yak is severely wounded.
The yak gores you!
You die...

###### #....# ##########
#.##.# #........# ##.##.#####
#........# #...#......
###.......)###.......#### #
+.........Y@.........'......
[###.....[gY##........####..#
...........g.#...........#..#
.............#.#####...#)#...
g............#.#####...#.#...
Y.$..........#.#.......#....<
Y............+.#...........<.
.............###...........).
..#######+#### #.......#.....


You could see 2 yaks, a gnoll shaman and a gnoll.

Vanquished Creatures
  4 yaks (D:5)
  Eustachio (D:5)
  A black bear (D:4)
  2 ogres
  A phantom (D:4)
  A scorpion (D:4)
  A water moccasin zombie (D:5)
  A water moccasin skeleton (D:4)
  An orc priest (D:4)
  3 iguanas
  3 adders
  8 gnolls
  A shadow imp (D:5)
  A white imp (D:5)
  2 ufetubi (D:5)
  6 dart slugs
  2 worms (D:2)
  4 orcs
  4 bats
  5 endoplasms
  4 giant cockroaches
  2 goblins (D:4)
  5 hobgoblins
  11 jackals
  5 kobolds
  2 quokkas (D:3)
  4 ball pythons
  5 frilled lizards
  8 rats
98 creatures vanquished.

Vanquished Creatures (others)
  4 toadstools (D:3)
4 creatures vanquished.

Grand Total: 102 creatures vanquished

Notes
Turn   | Place    | Note
-------+----------+-------------------------------------------
     0 | D:1      | Blackjack the Troll Berserker began the quest for the Orb.
     0 | D:1      | Reached XP level 1. HP: 22/22 MP: 0/0
   183 | D:1      | Found a faded altar of an unknown god.
   387 | D:1      | Reached XP level 2. HP: 29/29 MP: 1/1
   438 | D:1      | Reached XP level 3. HP: 36/36 MP: 2/2
   543 | D:1      | Reached ** piety under Trog
  1220 | D:3      | Reached XP level 4. HP: 45/45 MP: 3/3
  1886 | D:4      | Reached skill level 4 in Unarmed Combat
  1895 | D:4      | Noticed a scorpion
  1903 | D:4      | Killed a scorpion
  1904 | D:4      | Reached XP level 5. HP: 44/53 MP: 4/4
  1932 | D:4      | Noticed an ogre
  1936 | D:4      | Killed an ogre
  1975 | D:4      | Reached XP level 6. HP: 61/62 MP: 5/5
  2015 | D:4      | Found an iron altar of Okawaru.
  2089 | D:4      | Found a staircase to the Ecumenical Temple.
  2093 | D:4      | Reached skill level 5 in Unarmed Combat
  2107 | D:4      | Reached *** piety under Trog
  2360 | D:4      | Reached XP level 7. HP: 65/70 MP: 6/6
  2537 | D:5      | Entered Level 5 of the Dungeon
  2565 | D:5      | Found a hazy altar of Hepliaklqana.
  2744 | D:5      | Noticed Eustachio
  2770 | D:5      | Killed Eustachio
  2781 | D:5      | Reached skill level 6 in Unarmed Combat
  2889 | D:5      | Noticed a yak
  2890 | D:5      | Noticed a yak
  2890 | D:5      | Noticed a yak
  2891 | D:5      | Noticed a yak
  2891 | D:5      | Noticed a yak
  2891 | D:5      | Noticed a yak
  2903 | D:5      | Reached skill level 5 in Dodging
  2908 | D:5      | Killed a yak
  2909 | D:5      | Reached skill level 5 in Fighting
  2909 | D:5      | Reached XP level 8. HP: 64/80 MP: 7/7
  2922 | D:5      | Slain by a yak

Illustrated notes

Levels and vault maps discovered:
D:1:      elethiomel_arrival_infinity_welcomes_careful_drivers, layout_basic,
          basic_ecumenical_altar, wander_ebering_terrifying_dragon_lair
D:2:      layout_basic, minmay_pentomino_x2
D:3:      layout_loops_cross, minmay_gold_behind_fungi
D:4:      layout_loops_ring, lemuel_doored_altar,
          minmay_temple_entry_proselytizer
D:5:      minmay_recursive_quarters, layout_basic,
          mainiacjoe_overflow_concentric_impassable, grunt_nemelex_the_gamble,
          uniq_eustachio

Skill      XL: |  1  2  3  4  5  6  7 |
---------------+----------------------+-----
Dodging        | 3 4 5 |  5.7
Fighting       | 3 4 5 |  5.7
Unarmed Combat | 4 5 6 |  6.9

Action                   |  1- 3 |  4- 6 |  7- 9 || total
-------------------------+-------+-------+-------++-------
Melee: Unarmed           |    99 |   113 |    81 ||   293
       Punch             |     4 |     3 |     7 ||    14
Throw: Dart              |       |       |     1 ||     1
Invok: Berserk           |       |     1 |     1 ||     2
Armor: Animal skin       |    16 |       |       ||    16
       Robe              |     3 |    29 |     8 ||    40
Dodge: Dodged            |    46 |    51 |    29 ||   126
Block: Other             |       |       |     4 ||     4

Table legend: (Time is in decaauts)
 A = Elapsed time spent in this place.
 B = Non-inter-level travel time spent in this place.
 C = Inter-level travel time spent in this place.
 D = Time resting spent in this place.
 E = Time spent auto-exploring this place.
 F = Levels seen in this place.
 G = Mean time per level.
                   A        B        C        D        E       F      G
               +--------+--------+--------+--------+--------+-----+--------+
         Total |   2909 |   2775 |    134 |      0 |   2014 |   5 |  581.8 |
       Dungeon |   2909 |   2775 |    134 |      0 |   2014 |   5 |  581.8 |
               +--------+--------+--------+--------+--------+-----+--------+

Top non-repeatable levels by time:
     D:3: 694 daAuts
     D:4: 663 daAuts
     D:1: 653 daAuts
     D:2: 523 daAuts
     D:5: 374 daAuts
